 Dungeon Crawl Stone Soup version 0.21.1-1-g345015f (webtiles) character file.

17 Goblin1989 the Insei (level 2, -7/21 HPs)
             Began as a Demonspawn Transmuter on Mar 16, 2018.
             Mangled by a gnoll
             ... wielding a +0 club
              (8 damage)
             ... on level 2 of the Dungeon.
             The game lasted 00:01:34 (1109 turns).

Goblin1989 the Insei (Demonspawn Transmuter)        Turns: 1109, Time: 00:01:34

Health: -7/21      AC:  2    Str: 10    XL:     2   Next: 44%
Magic:  0/5        EV: 12    Int: 14    God:
Gold:   19         SH:  0    Dex: 13    Spells: 4/5 levels left

rFire    . . .     SeeInvis .   i - -1 dagger (curse)
rCold    . . .     Gourm    .   (no shield)
rNeg     . . .     Faith    .   b - +0 robe
rPois    .         Spirit   +   (no helmet)
rElec    .         Reflect  .   (no cloak)
rCorr    .         Harm     +   (no gloves)
MR       .....                  (no boots)
Stlth    +.........             h - amulet of harm
HPRegen  0.07/turn              (no ring)
MPRegen  0.09/turn              (no ring)

@: no status effects
A: magic shield
a: no special abilities


You were on level 2 of the Dungeon.
You were hungry.

You visited 1 branch of the dungeon, and saw 2 of its levels.

You collected 19 gold pieces.

Inventory:

Hand Weapons
 i - a cursed -1 dagger (weapon)
Missiles
 a - 21 arrows
Armour
 b - a +0 robe (worn)
Jewellery
 h - an amulet of harm (around neck)
Scrolls
 f - 2 scrolls of identify {unknown}
 k - a scroll of enchant weapon {unknown}
 l - a scroll of noise {unknown}
Potions
 g - 2 potions of might {unknown}
Books
 c - a book of Changes

   Spells                             Type                      Level
   a - Beastly Appendage              Transmutation                1
   b - Sticks to Snakes               Transmutation                2
   c - Spider Form                    Transmutation/Poison         3
   d - Ice Form                       Ice/Transmutation            4
   e - Blade Hands                    Transmutation                5
Comestibles
 e - 2 rations


   Skills:
 - Level 1.0 Fighting
 - Level 1.7 Dodging
 + Level 3.5 Unarmed Combat
 - Level 2.0 Spellcasting
 - Level 1.7 Transmutations


You had 4 spell levels left.
You knew the following spells:

 Your Spells              Type           Power        Failure   Level  Hunger
a - Beastly Appendage     Tmut           #.....       12%         1    ##.....


Dungeon Overview and Level Annotations

Branches:
Dungeon (2/15)

Altars:


Innate Abilities, Weirdness & Mutations

When hurt, damage is shared between your health and your magic reserves.


Message History

You barely miss the kobold.
The kobold is heavily wounded.
The kobold hits you.
You take 2 damage, and have 16/21 hp.
You now have 3/5 mp.
You completely miss the kobold.
The kobold is heavily wounded.
The kobold hits you.
You take 2 damage, and have 14/21 hp.
You hit the kobold.
You kill the kobold!
No target in view!
No target in view!
No target in view!
No target in view!
No target in view!
No target in view!
No target in view!
No target in view!
No target in view!
No target in view!
No target in view!
No target in view!
No target in view!
You see here a kobold corpse.
Done exploring.
Health restored: 21; MP restored: 5 Done exploring.
Done exploring.
Done exploring.
(D) Dungeon
Where to? (? - help)
You are feeling hungry.
(D) Dungeon
Where to? (Enter - D:2, ? - help)
There is a stone staircase leading down here.
You climb downwards. 2 gnolls come into view.
The gnoll shouts!
Found a stone staircase leading down and a stone staircase leading up.
There is a stone staircase leading up here.
Unknown command.
A gnoll comes into view. It is wielding a spear.
The gnoll shouts!
The gnoll hits you but does no damage.
You barely miss the gnoll. The gnoll hits you but does no damage.
You hit the gnoll but do no damage. You barely miss the gnoll.
You hit the gnoll but do no damage. You hit the gnoll but do no damage.
The gnoll barely misses you.
You closely miss the gnoll. The gnoll hits you with a club.
You take 5 damage, and have 16/21 hp.
MASSIVE DAMAGE!!
You now have 3/5 mp.
You barely miss the gnoll. You completely miss the gnoll.
The gnoll closely misses you. The gnoll hits you with a club.
The gnoll barely misses you.
You take 2 damage, and have 14/21 hp.
You now have 2/5 mp.
You hit the gnoll.
The gnoll is moderately wounded.
The gnoll barely misses you.
The gnoll hits you from afar with a spear.
You take 2 damage, and have 12/21 hp.
You are too injured to fight recklessly!
You are too injured to fight recklessly!
You are too injured to fight recklessly!
You are too injured to fight recklessly!
You are too injured to fight recklessly!
You are too injured to fight recklessly!
You are too injured to fight recklessly!
You are too injured to fight recklessly!
You are too injured to fight recklessly!
You are too injured to fight recklessly!
You are too injured to fight recklessly!
You are too injured to fight recklessly!
You are too injured to fight recklessly!
You are too injured to fight recklessly!
You are too injured to fight recklessly!
You are too injured to fight recklessly!
You are too injured to fight recklessly!
You are too injured to fight recklessly!
You are too injured to fight recklessly!
You are too injured to fight recklessly!
You are too injured to fight recklessly!
You are too injured to fight recklessly!
You are too injured to fight recklessly!
You are too injured to fight recklessly!
Unknown command.
You hit the gnoll but do no damage. You punch the gnoll, but do no damage.
The gnoll is moderately wounded.
The gnoll closely misses you. The gnoll hits you but does no damage.
The gnoll closely misses you.
You closely miss the gnoll.
The gnoll is moderately wounded.
The gnoll closely misses you. The gnoll hits you with a club.
* * * LOW HITPOINT WARNING * * *
The gnoll hits you from afar with a spear.
* * * LOW HITPOINT WARNING * * *
You take 11 damage, and have 1/21 hp.
MASSIVE DAMAGE!!
You now have 0/5 mp.
You closely miss the gnoll.
The gnoll is moderately wounded.
The gnoll hits you but does no damage. The gnoll hits you with a club!
You die... ███▲████

.....>█
██.█.████.....█
.....gg@.<....█
██.█.██g.........
█..........
█.$..<.....
........█..
████.....█ █
█.....█


███████ You could see 3 gnolls.

Vanquished Creatures
  2 bats (D:1)
  3 giant cockroaches (D:1)
  5 goblins (D:1)
  A frilled lizard (D:1)
  2 kobolds (D:1)
  A rat (D:1)
14 creatures vanquished.

Notes
Turn   | Place    | Note
-------+----------+-------------------------------------------
     0 | D:1      | Goblin1989 the Demonspawn Transmuter began the quest for the Orb.
     0 | D:1      | Reached XP level 1. HP: 15/15 MP: 3/3
   162 | D:1      | Reached skill level 3 in Unarmed Combat
   369 | D:1      | Gained mutation: When hurt, damage is shared between your health and your magic reserves. [demonic ancestry]
   369 | D:1      | Reached XP level 2. HP: 18/21 MP: 5/5
  1108 | D:2      | HP: 1/21 [gnoll/spear (5)]
  1109 | D:2      | Mangled by a gnoll

Skill      XL: |  1 |
---------------+----+-----
Unarmed Combat | 3 |  3.5
Fighting       | |  1.0
Dodging        | |  1.7
Spellcasting   | |  2.0
Transmutations | |  1.7

Action                   || total
-------------------------++-------
Melee: Dagger            ||    54
       Unarmed           ||     9
       Punch             ||     2
Armor: Robe              ||    15
Dodge: Dodged            ||    34

Vault maps used:
D:1:      tarquinn_simple_flora_water_f
D:2:      uniq_jessica, uniq_sigmund
